Cogmind - Beta 13 X2 @@@ ROGUE MODE // 2024.01.20 @ 16:43:43 Player: cptwinky Result: Destroyed by M Guard with Ragnarok Missile Launcher Performance ------------- Evolutions (9) 4500 Regions Visited (27) 5400 Robots Destroyed (495) 2475 Value Destroyed (21797) 21797 Prototype IDs (53) 1060 Alien Tech Used (0) 0 Bonus (12415) 12415 TOTAL SCORE: 47647 Bonus ------- High Alert Combat Kills 4453 Follower Combat Kills 3199 Entered Garrisons 800 Used RIF Installer 2500 Network Hubs Disabled 200 Built Enhanced Grunts 300 Met R17 at Cetus 500 Hacked Protovariant 500 Met R17 at Research 2000 Friendly Fire -2037 Cogmind --------- Core Integrity 0/1600 Matter 212/300 Energy 19/100 System Corruption 58% Temperature Cool (13) Movement Core (50) Location -1/Command Parts ------- > --- POWER (3) -------- (None) > --- PROPULSION (6) --- (None) > --- UTILITY (10) ----- (None) > --- WEAPON (6) ------- (None) > --- INVENTORY (5) ---- AEGIS Remote Shield Long-range Tractor Beam Cooled Nova Cannon Z-bomb Delivery System Peak State ------------ > --- POWER ------------ Quantum Reactor Quantum Reactor Light Quantum Reactor > --- PROPULSION ------- Centrium Heavy Treads Biometal Heavy Treads Advanced Heavy Siege Treads > --- UTILITY ---------- Advanced Cooling System Huge Storage Unit Advanced Targeting Computer Advanced Target Analyzer Advanced Kinecellerator Advanced Transmission Jammer Centrium Medium Armor Plating Improved Powered Armor Relay Coupler [NC] Relay Coupler [Hunter] > --- WEAPON ----------- Null Cannon Railgun Helical Railgun Helical Railgun Helical Railgun Helical Railgun > --- INVENTORY -------- Experimental Energy Well Experimental Energy Well Experimental Matter Compressor Triangulator Core Analyzer Improved Heavy Armor Plating AEGIS Remote Shield Antimissile System Advanced Hacking Suite Advanced System Shield Relay Coupler [Hunter] Relay Coupler [Heavy] Advanced Component Analysis Suite Long-range Tractor Beam Cooled Nova Cannon Improved Potential Cannon Railgun Helical Railgun Helical Railgun Z-bomb Delivery System Containment Facilitator Advanced Remote Datajack Advanced Remote Datajack [Rating: 211] Favorites ----------- Power Cooled Ion Engine Engine Cooled Ion Engine Power Core Neutrino Core Reactor Quantum Reactor Propulsion Light Treads Treads Light Treads Leg Aluminum Leg Utility Huge Storage Unit Device Advanced Transmission Jammer Storage Huge Storage Unit Processor Advanced Targeting Computer Hackware Relay Coupler [NC] Protection Centrium Medium Armor Plating Weapon Improved Assault Rifle Energy Gun EM Pulse Gun Energy Cannon Null Cannon Ballistic Gun Improved Assault Rifle Launcher Heavy Missile Launcher Special Weapon Improved Remote Datajack Impact Weapon Great Maul Special Melee Weapon Improved Datajack Build | -11 -10 -10 -9 -9 -8 -8 -8 -8 -7 -7 -7 -7 -6 -6 -6 -6 -6 -6 -6 -5 -5 -4 -3 -3 -2 -1 -1 ------- Run | Yrd Mat Min Mat Sto Mat Gar Mat Gar Fac Low Low Zio Pro Fac Ext Cet Arc Hub Gar Fac Gar Fac Res Tes Res Acc Com Slots Evolved 18 | . . . 2 . 2 . . . 2 . . . . 2 . . . . . 2 . 2 2 . 2 2 . Power 2 | . . . . . . . . . . . . . . . . . . . . 1 . . . . 1 . . Propulsion 4 | . . . . . . . . . 1 . . . . 1 . . . . . . . . 2 . . . . Utility 8 | . . . . . . . . . 1 . . . . 1 . . . . . 1 . 2 . . 1 2 . Weapon 4 | . . . 2 . 2 . . . . . . . . . . . . . . . . . . . . . . Parts Attached 533 | 3 3 15 32 49 16 10 2 6 26 10 8 4 8 18 20 11 4 . 3 19 22 21 7 69 58 24 65 Power 29 | . 1 1 4 2 . . . . 1 . . . 1 1 1 1 . . . 1 1 . . 4 4 2 4 Engine 12 | . 1 1 3 2 . . . . 1 . . . 1 1 1 1 . . . . . . . . . . . Core 4 | . . . 1 . . . . . . . . . . . . . . . . . 1 . . 2 . . . Reactor 13 | . . . . . . . . . . . . . . . . . . . . 1 . . . 2 4 2 4 Propulsion 51 | 2 . 2 8 8 5 2 . . 4 . . . . 2 5 2 1 . . 1 . . 1 2 2 . 4 Treads 51 | 2 . 2 8 8 5 2 . . 4 . . . . 2 5 2 1 . . 1 . . 1 2 2 . 4 Leg . | . . . . . . . . . . . . . . . . . . . . . . . . . . . . Wheel . | . . . . . . . . . . . . . . . . . . . . . . . . . . . . Hover . | . . . . . . . . . . . . . . . . . . . . . . . . . . . . Flight . | . . . . . . . . . . . . . . . . . . . . . . . . . . . . Utility 182 | . 2 1 6 7 4 2 2 2 7 3 2 3 4 8 2 4 3 . 2 7 11 10 . 26 25 12 27 Device 89 | . . 1 . 1 1 1 1 . 2 1 1 2 2 1 . 1 2 . 1 4 1 2 . 21 19 9 15 Storage 11 | . 1 . 1 1 . . . 1 . . . . . 1 . . . . . . . 1 . 2 . . 3 Processor 7 | . . . 1 . . . . . . . . . . 1 . . . . . 1 . . . . 2 . 2 Hackware 24 | . . . . 1 . . 1 . 2 . . . . 3 . 1 . . . . 5 4 . 1 2 2 2 Protection 51 | . 1 . 4 4 3 1 . 1 3 2 1 1 2 2 2 2 1 . 1 2 5 3 . 2 2 1 5 Artifact . | . . . . . . . . . . . . . . . . . . . . . . . . . . . . Weapon 271 | 1 . 11 14 32 7 6 . 4 14 7 6 1 3 7 12 4 . . 1 10 10 11 6 37 27 10 30 Energy Gun 4 | . . 3 . . . . . . . . . . . . . 1 . . . . . . . . . . . Energy Cannon 18 | . . . . 1 . . . . . . . . . . . . . . . . . . . 4 3 1 9 Ballistic Gun 157 | 1 . 5 13 22 6 4 . 2 10 4 4 . 1 4 6 3 . . 1 6 5 3 4 19 16 5 13 Ballistic Cannon . | . . . . . . . . . . . . . . . . . . . . . . . . . . . . Launcher 34 | . . 3 1 1 . . . . 2 3 1 1 2 2 4 . . . . . . 2 . 3 5 1 3 Special Weapon 25 | . . . . . . . . . . . . . . 1 . . . . . 3 4 3 1 4 2 2 5 Impact Weapon 26 | . . . . 5 . 2 . 2 1 . 1 . . . 1 . . . . 1 . 3 1 7 1 1 . Slashing Weapon . | . . . . . . . . . . . . . . . . . . . . . . . . . . . . Piercing Weapon . | . . . . . . . . . . . . . . . . . . . . . . . . . . . . Special Melee Weapon 7 | . . . . 3 1 . . . 1 . . . . . 1 . . . . . 1 . . . . . . Unidentified Prototypes 18 | . . . 2 2 . . . . . . . 1 . . . 4 . . . . . 1 . 7 . . 1 Corrupted Parts 2 | . . . . . . . . . . . . . . . . 1 1 . . . . . . . . . . System Corruption 15 | . . . . . . . . . . . . . . . . 4 11 . . . . . . . . . . Parts Lost 64 | . . 7 1 . . . . . 9 . . . 2 6 3 . . . . . . 1 . 1 . . 34 Power 9 | . . 1 . . . . . . 1 . . . 1 1 . . . . . . . . . 1 . . 4 Propulsion 8 | . . 2 . . . . . . 1 . . . . . . . . . . . . . . . . . 5 Utility 20 | . . 1 1 . . . . . 2 . . . . 1 . . . . . . . . . . . . 15 Weapon 27 | . . 3 . . . . . . 5 . . . 1 4 3 . . . . . . 1 . . . . 10 Highest Loss Streak 25 | . . 4 1 . . . . . 3 . . . 2 2 1 . . . . . . 1 . 1 . . 25 To Critical Strikes 1 | . . . . . . . . . . . . . . . . . . . . . . 1 . . . . . Average Slot Usage (%) 91 | . 90 97 99 99 99 100 100 100 87 84 84 92 86 84 98 97 86 86 86 88 88 87 84 84 85 87 80 Engine 6 | . 14 13 8 10 9 9 9 9 7 7 7 7 7 5 6 6 6 6 6 5 2 . . . . . . Reactor 1 | . . . . . . . . . . . . . . . . . . . . 5 5 5 4 3 7 10 10 Treads 17 | . 28 28 21 21 18 18 18 18 18 15 15 15 15 20 25 24 13 13 13 11 11 10 13 14 13 12 11 Device 2 | . . 7 1 . . . 2 . . . . 6 2 . . . 1 . . 2 . 4 9 13 12 12 10 Storage 7 | . 14 14 11 11 9 9 9 9 7 7 7 7 7 6 6 6 6 6 6 5 5 5 4 4 4 4 4 Processor 3 | . . . . . . . . . . . . . . 4 6 6 6 6 6 11 11 10 9 6 8 8 11 Hackware 2 | . . . . . . . 1 1 2 . . . . 3 6 6 6 6 6 5 6 11 4 2 1 7 5 Protection 6 | . 5 4 9 10 8 8 4 7 6 7 7 7 7 6 6 5 4 6 5 2 3 4 4 4 7 8 4 Ballistic Gun 38 | . 28 19 44 42 53 53 54 52 42 45 45 45 38 32 37 38 40 40 40 33 30 27 25 26 25 23 20 Naked Turns 16 | . . . . . . . . . . . . . . . . . . . . . . . . . . . 16 Heaviest Build 210 | 11 23 24 42 44 53 54 54 73 91 93 90 77 89 135 125 129 129 129 129 148 158 174 172 193 210 206 207 Greatest Support 235 | 40 40 40 40 40 40 42 42 42 103 103 103 103 103 131 106 130 160 160 160 160 160 160 230 230 235 235 235 Greatest Overweight (x) 4 | . . . 1 1 1 1 1 1 1 . . . 1 1 1 1 . . . . . 1 1 . . . 4 Average Overweight (x) . | . . . . . 1 1 1 1 . . . . . . 1 . . . . . . . . . . . . Largest Inventory Capacity 25 | 8 10 10 15 15 15 15 15 20 20 20 20 20 20 25 25 25 25 25 25 25 25 25 25 25 25 25 25 Average Capacity 19 | 8 8 10 14 15 15 15 15 16 20 20 20 20 20 22 25 25 25 25 25 25 25 25 25 25 25 25 23 Most Carried 25 | 6 10 10 15 15 15 15 15 16 20 20 20 20 20 21 25 25 25 24 25 25 25 25 25 25 25 25 25 Average Carried 19 | 6 7 8 13 14 14 14 14 14 19 19 19 19 19 19 24 24 24 24 24 24 24 24 24 24 23 24 22 Final Capacity 25 | 8 10 10 15 15 15 15 15 20 20 20 20 20 20 25 25 25 25 25 25 25 25 25 25 25 25 25 5 Final Carried 25 | 6 10 10 14 15 15 15 15 16 19 20 19 20 20 19 24 25 24 24 25 24 25 25 25 25 25 25 4 Class Distribution -------------------- 48% | Scavenger-Executioner 15% | Executioner 14% | Scavenger-Tank 7% | Bothacker-Executioner 6% | Commander-Executioner 4% | Mutant Dominant Class ---------------- Mutant | -10/Materials Mutant | -10/Mines Scavenger-Tank | -9/Materials Scavenger-Tank | -9/Storage Executioner | -8/Materials Executioner | -8/Garrison Executioner | -8/Materials Executioner | -8/Garrison Scavenger-Executioner | -7/Factory Scavenger-Executioner | -7/Lower Caves Scavenger-Executioner | -7/Lower Caves Scavenger-Executioner | -7/Zion Scavenger-Executioner | -6/Proximity Caves Scavenger-Executioner | -6/Factory Scavenger-Executioner | -6/Extension Scavenger-Executioner | -6/Cetus Scavenger-Executioner | -6/Archives Scavenger-Executioner | -6/Hub_04(d) Scavenger-Executioner | -6/Garrison Scavenger-Executioner | -5/Factory Scavenger-Executioner | -5/Garrison Scavenger-Executioner | -4/Factory Scavenger-Executioner | -3/Research Scavenger-Executioner | -3/Testing Scavenger-Executioner | -2/Research Bothacker-Executioner | -1/Access Scavenger-Executioner | -1/Command Resources | -11 -10 -10 -9 -9 -8 -8 -8 -8 -7 -7 -7 -7 -6 -6 -6 -6 -6 -6 -6 -5 -5 -4 -3 -3 -2 -1 -1 ----------- Run | Yrd Mat Min Mat Sto Mat Gar Mat Gar Fac Low Low Zio Pro Fac Ext Cet Arc Hub Gar Fac Gar Fac Res Tes Res Acc Com Matter Collected 21242 | 196 126 176 923 971 729 433 209 272 1363 292 273 43 443 680 1095 314 301 . 199 386 606 288 590 2604 2964 1883 2883 Remotely 3755 | . . . . . . . . . . . . . . 104 . . . . . . . . . 714 1031 930 976 Salvage Created 21027 | . 212 205 1449 1194 1052 662 386 322 1773 170 187 22 473 777 1337 429 268 129 133 761 340 376 432 1503 2094 1663 2678 Parts 1071 | . 15 13 95 92 62 40 15 15 106 6 7 3 26 37 44 14 18 4 9 34 18 23 6 87 89 84 109 Haulers Intercepted 24 | . 1 . 5 6 5 1 . . 3 . . . . . . . . 1 . . . . 1 . 1 . . Recyclers Shooed 15 | . . . 1 2 2 . . . 1 . . . . . . . . . . . . 1 . . 1 3 4 Parts Field Recycled . | . . . . . . . . . . . . . . . . . . . . . . . . . . . . Retrieved Matter . | . . . . . . . . . . . . . . . . . . . . . . . . . . . . Parts Self-Destructed 42 | . . . . . . . . . . 5 12 . 25 . . . . . . . . . . . . . . Prevented . | . . . . . . . . . . . . . . . . . . . . . . . . . . . . Kills | -11 -10 -10 -9 -9 -8 -8 -8 -8 -7 -7 -7 -7 -6 -6 -6 -6 -6 -6 -6 -5 -5 -4 -3 -3 -2 -1 -1 ------- Run | Yrd Mat Min Mat Sto Mat Gar Mat Gar Fac Low Low Zio Pro Fac Ext Cet Arc Hub Gar Fac Gar Fac Res Tes Res Acc Com Combat Hostiles Destroyed 362 | . 3 8 26 23 17 12 6 6 33 9 4 . 14 16 24 5 2 . 4 10 6 9 . 25 40 23 37 Guns 267 | . 3 3 23 20 17 12 6 6 28 3 3 . 6 11 13 5 2 . 4 10 6 5 . 15 21 17 28 Cannons 7 | . . . . . . . . . . . . . . . . . . . . . . . . 2 . 1 4 AOE 87 | . . 5 3 3 . . . . 5 6 1 . 8 5 11 . . . . . . 4 . 8 19 5 4 Classes Destroyed 25 | . 3 2 5 1 2 2 . . 1 1 1 1 . . 1 . . . . . 1 . . 1 1 . 2 Worker 29 | . . . 1 1 1 . . . 4 . . . . . 1 . . 1 . 2 . 2 3 6 . 2 5 Builder 15 | . . . . 1 . . 2 . 2 . . . . . . . . . . . . . . 6 2 2 . Tunneler 1 | . . . . . . . . . . . . . . . . . . . . . . . . . 1 . . Hauler 24 | . 1 . 5 6 5 1 . . 3 . . . . . . . . 1 . . . . 1 . 1 . . Recycler 20 | . . . 1 . . . . . 2 . . . . . 3 . . . . 1 . . 2 2 1 4 4 Mechanic 5 | . . . . . 1 . . . . . . . . . . . . . . 1 . . . . . . 3 Operator 11 | . . . 2 1 1 . . . . . . . . . 1 . 4 . . . . . . . 1 . 1 Watcher 17 | . 2 . 4 2 1 . 1 . . . . . . . 1 . . . . . . . . 1 2 2 1 Swarmer 92 | . . 5 7 6 5 3 . 2 9 3 . . 3 3 9 . . . 3 1 1 5 . 4 15 4 4 Cutter 1 | . . . . . . . . . . . . . . . . . . . . . . . . . . . 1 Grunt 122 | . 3 2 10 8 9 4 5 2 14 4 3 . 6 4 5 . . . . 5 3 2 . 5 10 4 14 Brawler 5 | . . . . . . . . . . 1 . . . 1 . . . . . . . . . . . . 3 Duelist 8 | . . . 1 . . . . . 1 1 1 . 1 2 . . . . . . . . . . 1 . . Protector 1 | . . . . . . . . . . . . . . . 1 . . . . . . . . . . . . Researcher 1 | . . . . . . . . . . . . . . . . . . . . . . . . 1 . . . Sentry 56 | . . . 9 9 2 2 1 2 7 . . . 1 3 7 . 2 . 1 1 1 . . . 3 2 3 Demolisher 2 | . . 1 . . . . . . . . . . . . 1 . . . . . . . . . . . . Specialist 3 | . . . . . . 1 . . . . . . . . . . . . . . . . . . 2 . . Hunter 19 | . . . . . . 2 . . 1 . . . 2 1 1 . . . . . . 2 . 4 5 1 . Programmer 48 | . . . . . . . . . 4 . . . 1 2 . 1 . . . 3 . . . 13 3 12 9 Heavy 1 | . . . . . 1 . . . . . . . . . . . . . . . . . . . . . . Behemoth 2 | . . . . . . . . . . . . . . . . . . . . . 1 . . . 1 . . Cetus Guard 4 | . . . . . . . . . . . . . . . . 4 . . . . . . . . . . . M Guard 1 | . . . . . . . . . . . . . . . . . . . . . . . . . . . 1 Combat Programmer 1 | . . . . . . . . . . . . . . . . . . . . . . . . . . . 1 Alpha 7 1 | . . . . . . . . . . . . . . . . . . . . . . . . . . . 1 Zionite 1 | . . . . . . . . . . . . 1 . . . . . . . . . . . . . . . Tinkerer 1 | . . . . . . . . . . . 1 . . . . . . . . . . . . . . . . Thug 3 | . . 1 . . . . . . . . . . . . . 2 . . . . . . . . . . . Guerrilla 1 | . . . . . . . . . . . . . . . . 1 . . . . . . . . . . . Best Kill Streak 15 | . 4 3 5 9 4 5 3 4 6 3 3 . 4 3 5 3 2 2 2 6 2 5 2 11 6 15 12 Combat Bots Only 10 | . 1 3 4 6 4 5 2 4 4 3 3 . 4 3 5 3 2 . 2 3 2 5 . 6 6 10 9 Max Kills in Single Turn 6 | . 1 3 4 4 2 2 2 2 5 2 1 1 3 2 4 3 1 1 2 2 2 3 1 6 5 5 3 Gunslinging 2 | . . . 1 . 1 1 1 1 . . . . . . . 2 . . 1 . 1 . . 1 1 . 1 Exploded 5 | . . 3 3 2 . . . . 2 2 1 . 3 2 3 . . . . . . 3 . 2 5 4 2 Melee . | . . . . . . . . . . . . . . . . . . . . . . . . . . . . Uniques/NPCs Destroyed . | . . . . . . . . . . . . . . . . . . . . . . . . . . . . Combat | -11 -10 -10 -9 -9 -8 -8 -8 -8 -7 -7 -7 -7 -6 -6 -6 -6 -6 -6 -6 -5 -5 -4 -3 -3 -2 -1 -1 -------- Run | Yrd Mat Min Mat Sto Mat Gar Mat Gar Fac Low Low Zio Pro Fac Ext Cet Arc Hub Gar Fac Gar Fac Res Tes Res Acc Com Hostile Shots Fired 2068 | . 7 49 91 62 44 60 17 22 225 12 7 . 84 129 165 13 1 . 2 26 108 31 . 105 149 97 562 Missed 548 | . 2 10 28 17 11 26 5 1 76 2 2 . 14 41 68 5 1 . . 4 32 13 . 30 35 30 95 Damage Taken 24947 | . 75 851 917 592 536 491 183 345 1729 161 127 . 1139 1169 1139 168 . 20 41 410 728 475 80 1247 2393 1271 8660 Core 2658 | . 18 92 47 54 69 47 17 13 141 . 34 . 66 60 58 24 . 20 . . 71 18 . 67 113 45 1584 Absorbed by Shields 8468 | . . . . . . . . . . . . . . . 88 . . . 9 15 25 . . 327 540 274 7190 Reduced by Siege Mode 795 | . . . . . . . . . . . 10 . 55 5 . . . . . 47 . . . 48 175 74 381 Ignored by Resistances 40 | . . . . . . 38 2 . . . . . . . . . . . . . . . . . . . . Regen/Repaired (Parts) 1695 | . . . 86 106 103 . . . . . . . . . . . . . . 384 . 272 57 30 . . 657 Core Remaining (%) 82 | 100 . 56 . 74 . . . 73 . . . . 65 . . . . . 80 . 92 98 . 94 92 . . Volleys Fired 800 | . 18 28 69 52 30 19 9 14 54 13 10 1 31 33 45 13 15 7 6 16 32 22 1 56 57 42 107 Largest 6 | . 2 2 4 4 6 6 6 6 6 6 6 6 6 6 6 6 6 1 6 6 6 6 1 6 6 6 6 Hottest 222 | . 40 80 86 92 140 160 160 160 165 158 163 163 163 163 169 188 188 30 188 186 186 195 7 216 222 222 222 Shots Fired 3066 | . 36 52 273 196 173 98 54 73 254 29 48 6 103 123 208 67 51 7 27 67 69 59 1 173 241 178 400 Gun 2876 | . 36 49 272 194 173 98 54 73 250 21 47 6 92 113 199 67 51 7 27 64 48 44 . 144 222 164 361 Cannon 62 | . . . . . . . . . . . . . . . . . . . . . . . . 20 7 8 27 Launcher 66 | . . 3 1 2 . . . . 4 8 1 . 11 3 9 . . . . . . 5 . 5 6 3 5 Special 62 | . . . . . . . . . . . . . . 7 . . . . . 3 21 10 1 4 6 3 7 Kinetic 2848 | . 36 21 272 194 173 98 54 73 250 21 47 6 92 113 199 67 51 7 27 64 48 44 . 144 222 164 361 Thermal 62 | . . . . . . . . . . . . . . . . . . . . . . . . 20 7 8 27 Explosive 65 | . . 3 1 2 . . . . 4 8 1 . 11 3 9 . . . . . . 5 . 5 6 3 4 Electromagnetic 28 | . . 28 . . . . . . . . . . . . . . . . . . . . . . . . . Robot Hit Streak 64 | . 7 6 11 17 12 23 11 27 24 6 15 3 11 23 15 10 6 2 7 23 16 4 3 24 29 37 64 Robot Miss Streak 10 | . 5 4 7 4 3 1 2 2 10 4 3 1 5 3 4 3 5 2 5 2 3 3 . 3 2 2 4 Penetration Max 2 | . . . . . . . 1 1 1 . . . 1 1 1 . 1 . . 1 . . . 2 1 1 2 Secondary Targets 47 | . . . 4 2 3 3 1 2 4 . . . 1 2 2 2 . . 2 1 1 1 . 4 3 2 7 Max Gunslinging Chain 2 | . . . 1 1 2 1 1 1 1 . . . 1 1 1 2 . . 1 1 1 1 . 2 1 1 1 Shots Hit Robots 2054 | . 22 31 168 121 105 70 35 56 180 14 31 3 68 71 135 43 27 2 16 47 46 33 8 107 162 132 321 Core Hits 993 | . 12 15 70 50 43 29 13 19 129 22 9 1 31 34 75 22 13 3 7 26 12 24 . 66 84 56 128 Critical Kills 47 | . . . 1 . . 1 . 1 . . . . . 1 2 2 2 . 1 1 3 3 . 2 16 5 6 Critical Parts Destroyed 79 | . . . . . 1 . . 1 1 . 1 . 1 1 3 2 1 . 1 2 . 3 . 8 19 18 16 Critical Strikes 134 | . . . 1 . 1 1 . 2 1 . 1 . 1 2 5 4 3 . 2 3 3 6 . 10 37 24 27 Meltdown 1 | . . . . . . . . . . . . . . . . . . . . . . . . . . . 1 Destroy 132 | . . . 1 . 1 1 . 2 1 . 1 . 1 2 5 4 3 . 2 3 3 5 . 10 37 24 26 Smash 1 | . . . . . . . . . . . . . . . . . . . . . . 1 . . . . . Melee Attacks 88 | . . . . 6 . 5 . 27 1 . 6 . . . 10 . . . . 1 1 4 13 10 1 3 . Impact 86 | . . . . 6 . 5 . 27 1 . 6 . . . 9 . . . . 1 . 4 13 10 1 3 . Slashing . | . . . . . . . . . . . . . . . . . . . . . . . . . . . . Piercing . | . . . . . . . . . . . . . . . . . . . . . . . . . . . . Sneak Attacks 11 | . . . . . . . . . . . . . . . 1 . . . . . . 2 6 2 . . . Combat Hostiles . | . . . . . . . . . . . . . . . . . . . . . . . . . . . . Follow-up Attacks . | . . . . . . . . . . . . . . . . . . . . . . . . . . . . Damage Inflicted 71873 | . 253 792 2179 2203 1679 1142 761 979 4477 991 582 41 2006 1668 4391 1042 833 85 387 1447 541 1342 623 7521 10215 8158 15535 Guns 47047 | . 253 359 1897 1831 1664 1142 745 979 3606 166 482 41 1071 1168 2887 1037 833 68 387 1395 541 455 . 3902 4967 5746 9425 Cannons 3598 | . . . . . . . . . . . . . . . . . . . . . . . . 938 . 530 2130 Explosions 19692 | . . 433 238 338 . . . . 823 825 100 . 935 497 1479 . . . . . . 687 . 2441 5173 1838 3885 Melee 1050 | . . . . . . . . . . . . . . . . . . . . . . 200 623 227 . . . Ramming 486 | . . . 44 34 15 . 16 . 48 . . . . 3 25 5 . 17 . 52 . . . 13 75 44 95 Kinetic 46854 | . 253 166 1897 1831 1664 1142 745 979 3606 166 482 41 1071 1168 2887 1037 833 68 387 1395 541 455 . 3902 4967 5746 9425 Thermal 4543 | . . . . . . . . . . . . . . . . . . . . . . . . 938 . 530 3075 Explosive 18691 | . . 433 238 338 . . . . 823 825 100 . 935 497 1479 . . . . . . 631 . 2441 5173 1838 2940 Electromagnetic 249 | . . 193 . . . . . . . . . . . . . . . . . . . 56 . . . . . Impact 1050 | . . . . . . . . . . . . . . . . . . . . . . 200 623 227 . . . Slashing . | . . . . . . . . . . . . . . . . . . . . . . . . . . . . Piercing . | . . . . . . . . . . . . . . . . . . . . . . . . . . . . Highest Corruption 58 | . . . . . . . . 1 2 . . . 3 . . 4 11 . . 3 . . . 10 4 9 58 Average Corruption 6 | . . . . . . . . 1 1 . . . 2 . . 3 4 . . 2 . . . 4 3 7 16 Corruption Purged 28 | . . . . . . . . . 2 . . . . . . 4 11 . . 3 . . . . . . 8 Corruption Blocked 15 | . . . . . . . . . . . . . . . . . . . . . . . . 15 . . . Effects 167 | . . . . . . . . 6 12 . . . 3 . . 2 7 . . 3 . . . 24 9 31 70 Message Errors 39 | . . . . . . . . 3 4 . . . . . . . 2 . . . . . . 6 2 7 15 Matter Fused 36 | . . . . . . . . 2 2 . . . 1 . . 1 1 . . 1 . . . 4 1 8 15 Heat Flow Errors 16 | . . . . . . . . . . . . . 1 . . 1 1 . . 1 . . . 4 . 4 4 Energy Discharges 23 | . . . . . . . . . 3 . . . 1 . . . 1 . . 1 . . . 3 2 4 8 Parts Rejected 2 | . . . . . . . . . . . . . . . . . . . . . . . . . . . 2 Parts Fused 3 | . . . . . . . . . . . . . . . . . 1 . . . . . . . . . 2 Data Loss (minor) 14 | . . . . . . . . 1 1 . . . . . . . . . . . . . . 2 1 2 7 Data Loss (major) 8 | . . . . . . . . . . . . . . . . . . . . . . . . 3 1 2 2 Misfires 7 | . . . . . . . . . . . . . . . . . 1 . . . . . . 2 1 . 3 Alerts 2 | . . . . . . . . . 1 . . . . . . . . . . . . . . . . . 1 Misdirections 1 | . . . . . . . . . . . . . . . . . . . . . . . . . . . 1 Weapon Failures 16 | . . . . . . . . . 1 . . . . . . . . . . . . . . . 1 4 10 Overload Shots . | . . . . . . . . . . . . . . . . . . . . . . . . . . . . Overflow Damage 2405 | . . . 10 37 . . . . 24 . . . . 22 . . . 7 . 1 . 88 326 764 430 258 438 Projectiles 386 | . . . . . . . . . . . . . . . . . . . . . . . . 147 . 97 142 Explosions 1514 | . . . 10 37 . . . . 21 . . . . 22 . . . . . . . 14 . 531 422 161 296 Melee 505 | . . . . . . . . . 3 . . . . . . . . 7 . 1 . 74 326 86 8 . . Knockbacks 8 | . . . 1 . . . . . 1 . . . . . . . . . . 1 . 1 3 1 . . . Impact 8 | . . . 1 . . . . . 1 . . . . . . . . . . 1 . 1 3 1 . . . Kinetic . | . . . . . . . . . . . . . . . . . . . . . . . . . . . . Secondary . | . . . . . . . . . . . . . . . . . . . . . . . . . . . . Self-Inflicted Damage 412 | . . 23 15 36 . . . . . 4 . . . 50 63 . . . . . . 51 . . . . 170 Shots 10 | . . 1 1 1 . . . . . 1 . . . 1 2 . . . . . . 2 . . . . 1 Rammed 55 | . . . 8 6 4 . . . 4 . . . . 2 4 1 . 1 . 5 . . . 2 7 4 7 Targets Rammed 62 | . . . 8 6 5 . 1 . 5 . . . . 2 5 1 . 1 . 5 . . . 2 7 4 10 Kicked . | . . . . . . . . . . . . . . . . . . . . . . . . . . . . Crushed 7 | . . . . . 1 . 1 . 1 . . . . . 1 . . . . . . . . . . . 3 Highest Temperature 348 | . 11 159 200 132 229 263 233 291 338 132 348 75 302 286 280 270 223 10 111 246 297 219 . 208 214 251 225 Average Temperature 73 | . 2 65 54 34 58 84 79 127 92 49 131 44 130 95 83 94 107 5 58 83 108 92 . 52 73 47 54 Received Heat Transfer 3229 | . 39 39 237 186 195 111 108 162 360 36 45 . 165 168 256 . . . . 45 45 12 . 136 460 27 397 Effects 8 | . . . . . . . . 3 1 . . . 3 . . . . . . 1 . . . . . . . Energy Bleed 1 | . . . . . . . . 1 . . . . . . . . . . . . . . . . . . . Interference 7 | . . . . . . . . 2 1 . . . 3 . . . . . . 1 . . . . . . . Siege Activations 38 | . . . . . . . . . . . 1 . 3 3 . . . . . 2 . 1 1 6 9 6 6 Total Turns 815 | . . . . . . . . . . . 49 . 56 36 . . . . . 92 . 30 1 146 123 81 201 Longest Duration 89 | . . . . . . . . . . . 49 . 32 17 . . . . . 76 . 30 1 63 28 24 89 Robots Corrupted . | . . . . . . . . . . . . . . . . . . . . . . . . . . . . Combat Hostiles . | . . . . . . . . . . . . . . . . . . . . . . . . . . . . Parts Fried 11 | . . . . . . . . . . . . . . . . . . . . . . 1 9 1 . . . Impact Corruptions 17 | . . . . . . . . . 1 . . . . . . . . 1 . 1 . 2 9 2 1 . . Robots Melted 1 | . . . . . . . . . . . . . . . . . . . . . . . . . . . 1 Combat Hostiles 1 | . . . . . . . . . . . . . . . . . . . . . . . . . . . 1 Parts Melted 1 | . . . . . . 1 . . . . . . . . . . . . . . . . . . . . . Heat Transferred 1876 | . . . . . . . . . . . . . . . . . . . . . . . . 500 . 300 1076 Parts Sabotaged . | . . . . . . . . . . . . . . . . . . . . . . . . . . . . Parts Stolen . | . . . . . . . . . . . . . . . . . . . . . . . . . . . . Parts Stripped . | . . . . . . . . . . . . . . . . . . . . . . . . . . . . Power Chain Reactions . | . . . . . . . . . . . . . . . . . . . . . . . . . . . . Missiles Intercepted 26 | . . . . . . . . . . . . . . . . . . . . . . . . . . . 26 Alert | -11 -10 -10 -9 -9 -8 -8 -8 -8 -7 -7 -7 -7 -6 -6 -6 -6 -6 -6 -6 -5 -5 -4 -3 -3 -2 -1 -1 ------- Run | Yrd Mat Min Mat Sto Mat Gar Mat Gar Fac Low Low Zio Pro Fac Ext Cet Arc Hub Gar Fac Gar Fac Res Tes Res Acc Com Peak Influence 1528 | . 182 271 538 566 268 507 511 544 859 . . . . 404 927 796 493 309 1345 898 361 457 151 433 912 1029 1528 Initial 690 | . . . 61 109 12 174 247 202 275 . . . . 63 123 518 238 49 216 690 353 189 106 24 114 424 566 Average 346 | . 70 77 299 138 121 360 361 346 399 . . . . 212 456 599 367 96 800 752 342 162 59 180 531 756 1153 Maximum Alert Level 4 | . . 1 2 2 1 2 2 2 3 . . . . 2 3 3 2 1 4 3 1 2 . 2 3 3 4 Low Security (%) 34 | 100 100 83 15 72 73 9 . . 2 . . . . 45 2 . 4 93 . . . 65 100 52 6 . . Level 1 33 | . . 16 68 17 26 39 69 63 65 . . . . 43 48 . 52 6 7 . 100 29 . 41 10 . . Level 2 19 | . . . 15 10 . 51 30 36 22 . . . . 10 27 80 42 . 58 13 . 4 . 5 61 37 6 Level 3 9 | . . . . . . . . . 9 . . . . . 21 19 . . 6 86 . . . . 21 62 29 Level 4 3 | . . . . . . . . . . . . . . . . . . . 27 . . . . . . . 63 Level 5 . | . . . . . . . . . . . . . . . . . . . . . . . . . . . . High Security . | . . . . . . . . . . . . . . . . . . . . . . . . . . . . Max Security . | . . . . . . . . . . . . . . . . . . . . . . . . . . . . Squads Dispatched 82 | . 2 . 4 2 3 . 4 . 13 . . . . 4 4 . . 3 . 3 . 3 4 14 4 5 10 Investigation 18 | . 2 . 2 . 2 . 1 . 6 . . . . . . . . 2 . . . . 2 1 . . . Extermination 18 | . . . . . . . . . 4 . . . . 1 . . . . . 1 . 1 . 4 2 1 4 Reinforcement 28 | . . . 2 1 1 . . . 2 . . . . 3 2 . . . . 2 . 2 2 5 2 2 2 Assault 8 | . . . . . . . . . . . . . . . 2 . . . . . . . . 1 . 1 4 Garrison 10 | . . . . 1 . . 3 . 1 . . . . . . . . 1 . . . . . 3 . 1 . Intercept . | . . . . . . . . . . . . . . . . . . . . . . . . . . . . Searches Triggered . | . . . . . . . . . . . . . . . . . . . . . . . . . . . . Construction Impeded 2 | . . . . . . . . . 1 . . . . 1 . . . . . . . . . . . . . Haulers Reinforced 2 | . . . . . . . . . . . . . . . . . . . . 1 . . . . . 1 . Active Scanning Responses . | . . . . . . . . . . . . . . . . . . . . . . . . . . . . Cargo Convoy Interrupts . | . . . . . . . . . . . . . . . . . . . . . . . . . . . . Stealth | -11 -10 -10 -9 -9 -8 -8 -8 -8 -7 -7 -7 -7 -6 -6 -6 -6 -6 -6 -6 -5 -5 -4 -3 -3 -2 -1 -1 --------- Run | Yrd Mat Min Mat Sto Mat Gar Mat Gar Fac Low Low Zio Pro Fac Ext Cet Arc Hub Gar Fac Gar Fac Res Tes Res Acc Com Distress Signals 30 | . 1 . 3 . . 1 3 . 1 . . . . 2 3 2 . . 2 . . . 6 3 1 1 1 Communications Jammed 100 | . . . . . . . 1 . 1 . . . . . . . . . . . . 1 . 15 52 27 3 Distress Signals 99 | . . . . . . . 1 . 1 . . . . . . . . . . . . 1 . 15 51 27 3 Times Spotted 617 | . 6 17 44 28 41 12 10 12 43 9 4 . 12 24 59 12 12 1 28 10 23 16 1 34 55 39 65 Peak Tracking Total 10 | . 2 3 6 5 5 3 4 6 4 3 4 . 4 4 6 5 2 1 6 3 5 5 1 7 6 10 9 Tactical Retreats 19 | . . . 2 . 2 . . . . . . . . 2 2 . . . 1 . 1 1 . . 3 . 5 Traps | -11 -10 -10 -9 -9 -8 -8 -8 -8 -7 -7 -7 -7 -6 -6 -6 -6 -6 -6 -6 -5 -5 -4 -3 -3 -2 -1 -1 ------- Run | Yrd Mat Min Mat Sto Mat Gar Mat Gar Fac Low Low Zio Pro Fac Ext Cet Arc Hub Gar Fac Gar Fac Res Tes Res Acc Com Traps Triggered 18 | . . . 2 1 . 3 . . 1 . . . . 1 4 . . . . 1 . 1 . 3 1 . . Indirectly . | . . . . . . . . . . . . . . . . . . . . . . . . . . . . Trap Hack Attempts 104 | . . . . 74 26 . . . 4 . . . . . . . . . . . . . . . . . . Triggered . | . . . . . . . . . . . . . . . . . . . . . . . . . . . . Disarmed . | . . . . . . . . . . . . . . . . . . . . . . . . . . . . Reprogrammed 20 | . . . . 10 3 . . . 7 . . . . . . . . . . . . . . . . . . Reused 6 | . . . 3 1 1 . . . 1 . . . . . . . . . . . . . . . . . . Traps Extracted 4 | . . . . 4 . . . . . . . . . . . . . . . . . . . . . . . Installed 8 | . . . 4 . . 4 . . . . . . . . . . . . . . . . . . . . . Triggered 7 | . . . 3 1 1 . . . 1 . . . . . . . . . . . . 1 . . . . . Most Traps Carried 4 | . . 4 4 4 4 4 . . . . . . . . . . . . . . . . . . . . . Machines | -11 -10 -10 -9 -9 -8 -8 -8 -8 -7 -7 -7 -7 -6 -6 -6 -6 -6 -6 -6 -5 -5 -4 -3 -3 -2 -1 -1 ---------- Run | Yrd Mat Min Mat Sto Mat Gar Mat Gar Fac Low Low Zio Pro Fac Ext Cet Arc Hub Gar Fac Gar Fac Res Tes Res Acc Com Machines Disabled 53 | . 1 2 . 5 . 1 2 1 4 . . . . 1 5 . 2 . 1 1 2 7 . 14 2 1 1 Max in Single Turn 4 | . 1 2 . 1 . 1 1 1 2 . . . . 1 1 . 1 . 1 1 1 4 . 2 1 1 1 Garrison Access 10 | . . . . . . . . . 2 . . . . . . . . . . 1 . 1 . 1 3 2 . Garrison Relay 3 | . . . . . . 1 . . . . . . . . . . . . 1 . 1 . . . . . . Network Hub 1 | . . . . . . . . . . . . . . . . . . 1 . . . . . . . . . Machines Repaired . | . . . . . . . . . . . . . . . . . . . . . . . . . . . . Machines Dismantled . | . . . . . . . . . . . . . . . . . . . . . . . . . . . . Machines Sabotaged 1 | . . . . . . . . . . . . . . . . . . 1 . . . . . . . . . Overloaded Fab Kills . | . . . . . . . . . . . . . . . . . . . . . . . . . . . . Hacking | -11 -10 -10 -9 -9 -8 -8 -8 -8 -7 -7 -7 -7 -6 -6 -6 -6 -6 -6 -6 -5 -5 -4 -3 -3 -2 -1 -1 --------- Run | Yrd Mat Min Mat Sto Mat Gar Mat Gar Fac Low Low Zio Pro Fac Ext Cet Arc Hub Gar Fac Gar Fac Res Tes Res Acc Com Machines Accessed 129 | . 5 . 14 11 15 1 5 2 20 . 1 . . 2 5 . . 3 1 5 . 7 6 6 6 9 5 Terminals 83 | . 3 . 10 9 11 1 2 2 13 . . . . 1 5 . . 2 1 1 . 2 4 3 3 6 4 Fabricators 6 | . . . . . . . . . 2 . . . . . . . . . . . . 3 . 1 . . . Repair Stations 8 | . . . 2 1 1 . . . . . . . . . . . . . . 1 . . . 1 . 1 1 Recycling Units 14 | . 2 . 2 1 1 . 1 . 3 . . . . 1 . . . . . 1 . . 2 . . . . Scanalyzers 3 | . . . . . 1 . 1 . . . . . . . . . . . . . . 1 . . . . . Garrison Access 14 | . . . . . 1 . 1 . 2 . . . . . . . . 1 . 2 . 1 . 1 3 2 . Total Hacks 370 | . 15 . 35 32 50 1 20 7 52 . 1 . . 4 11 . . 5 4 18 . 29 21 21 15 17 12 Successful 169 | . 4 . 14 16 27 1 13 1 22 . 1 . . 3 2 . . 4 2 9 . 15 7 9 8 7 4 Failed 200 | . 11 . 21 16 22 . 7 6 30 . . . . 1 9 . . 1 2 9 . 14 14 12 7 10 8 Catastrophic 35 | . . . 3 . 4 . 2 1 7 . . . . 1 . . . . . 2 . 2 4 2 2 4 1 Database Lockouts 1 | . . . . . 1 . . . . . . . . . . . . . . . . . . . . . . Manual 155 | . 11 . 24 10 29 . 7 2 13 . . . . 1 5 1 . 3 2 8 . 8 9 12 5 . 5 Terminals 240 | . 10 . 24 26 38 1 5 7 34 . . . . 2 11 . . 3 4 4 . 11 16 15 9 12 8 Fabricators 15 | . . . . . . . . . 6 . . . . . . . . . . . . 8 . 1 . . . Repair Stations 27 | . . . 6 4 2 . . . . . . . . . . . . . . 7 . . . 3 . 1 4 Recycling Units 36 | . 5 . 5 2 1 . 6 . 8 . . . . 2 . . . . . 2 . . 5 . . . . Scanalyzers 20 | . . . . . 6 . 6 . . . . . . . . . . . . . . 8 . . . . . Garrison Access 31 | . . . . . 3 . 3 . 4 . . . . . . . . 2 . 5 . 2 . 2 6 4 . Terminal Hacks 66 | . 2 . 8 8 14 1 2 1 8 . 1 . . . 2 . . . 1 . . 4 4 6 1 3 . Part Schematic 2 | . . . 1 . . . . . 1 . . . . . . . . . . . . . . . . . . Robot Schematic 2 | . . . . . . . . . 1 . . . . . . . . . . . . 1 . . . . . Robot Analysis 7 | . 2 . 2 . 2 . . . . . . . . . . . . . . . . . 1 . . . . Prototype ID Bank 8 | . . . . 2 2 . . . 1 . . . . . . . . . . . . 2 1 . . . . Open Door 10 | . . . . 3 . 1 . . . . 1 . . . 2 . . . . . . . . . . 3 . Level Access Points 1 | . . . . . . . . . 1 . . . . . . . . . . . . . . . . . . Branch Access Points 1 | . . . . . . . . . . . . . . . . . . . . . . . 1 . . . . Emergency Access Points 2 | . . . . . . . . . . . . . . . . . . . 1 . . . 1 . . . . Terminal Index 2 | . . . . . . . 1 . . . . . . . . . . . . . . . . 1 . . . Alert Level 2 | . . . 1 . 1 . . . . . . . . . . . . . . . . . . . . . . Unreport Threat 10 | . . . 2 3 3 . . . . . . . . . . . . . . . . . . 2 . . . Locate Traps 6 | . . . . . 3 . 1 . 2 . . . . . . . . . . . . . . . . . . Disarm Traps 1 | . . . . . 1 . . . . . . . . . . . . . . . . . . . . . . Reprogram Traps 1 | . . . . . . . . . 1 . . . . . . . . . . . . . . . . . . Recall Extermination 1 | . . . . . . . . . 1 . . . . . . . . . . . . . . . . . . Registered Components 1 | . . . 1 . . . . . . . . . . . . . . . . . . . . . . . . Zone Layout 5 | . . . 1 . 2 . . . . . . . . . . . . . . . . 1 . . 1 . . Garrison Registry 1 | . . . . . . . . 1 . . . . . . . . . . . . . . . . . . . Protovariant Controls 3 | . . . . . . . . . . . . . . . . . . . . . . . . 3 . . . Fabricator Hacks 8 | . . . . . . . . . 5 . . . . . . . . . . . . 3 . . . . . Network Status 1 | . . . . . . . . . 1 . . . . . . . . . . . . . . . . . . Load Schematic 3 | . . . . . . . . . 2 . . . . . . . . . . . . 1 . . . . . Build 4 | . . . . . . . . . 2 . . . . . . . . . . . . 2 . . . . . Repair Station Hacks 16 | . . . 3 4 2 . . . . . . . . . . . . . . 5 . . . . . . 2 Scan Component 9 | . . . 2 2 1 . . . . . . . . . . . . . . 3 . . . . . . 1 Repair 7 | . . . 1 2 1 . . . . . . . . . . . . . . 2 . . . . . . 1 Recycling Unit Hacks 8 | . 1 . 1 . 1 . 1 . 1 . . . . 2 . . . . . . . . 1 . . . . Process 1 | . . . . . . . . . . . . . . 1 . . . . . . . . . . . . . Retrieve Matter 1 | . . . . . . . . . . . . . . 1 . . . . . . . . . . . . . Retrieve Components 6 | . 1 . 1 . 1 . 1 . 1 . . . . . . . . . . . . . 1 . . . . Scanalyzer 15 | . . . . . 6 . 6 . . . . . . . . . . . . . . 3 . . . . . Insert Component 8 | . . . . . 3 . 3 . . . . . . . . . . . . . . 2 . . . . . Analyze 7 | . . . . . 3 . 3 . . . . . . . . . . . . . . 1 . . . . . Garrison Access Hacks 24 | . . . . . 1 . 1 . 4 . . . . . . . . 1 . 3 . 2 . 2 6 4 . Unlock Access 4 | . . . . . 1 . 1 . . . . . . . . . . 1 . 1 . . . . . . . Seal Access 10 | . . . . . . . . . 2 . . . . . . . . . . 1 . 1 . 1 3 2 . Coupler Status 10 | . . . . . . . . . 2 . . . . . . . . . . 1 . 1 . 1 3 2 . Unauthorized Hacks 32 | . 1 . 2 4 3 . 3 . 4 . . . . 1 . . . 3 1 1 . 3 2 1 1 . 2 Terminals 20 | . . . 1 3 3 . 1 . 2 . . . . 1 . . . 2 1 1 . 1 1 . 1 . 2 Track 1 | . . . . . . . . . . . . . . . . . . . . . . . . . . . 1 Assimilate 3 | . . . . . 2 . . . 1 . . . . . . . . . . . . . . . . . . Botnet 12 | . . . 1 2 1 . 1 . 1 . . . . . . . . 1 . 1 . 1 1 . 1 . 1 Disrupt 2 | . . . . . . . . . . . . . . 1 . . . . 1 . . . . . . . . Operators 1 | . . . . 1 . . . . . . . . . . . . . . . . . . . . . . . Sabotage 1 | . . . . . . . . . . . . . . . . . . 1 . . . . . . . . . Fabricators 3 | . . . . . . . . . . . . . . . . . . . . . . 2 . 1 . . . Liberate 2 | . . . . . . . . . . . . . . . . . . . . . . 1 . 1 . . . Fabnet 1 | . . . . . . . . . . . . . . . . . . . . . . 1 . . . . . Repair Stations . | . . . . . . . . . . . . . . . . . . . . . . . . . . . . Recycling Units 8 | . 1 . 1 1 . . 2 . 2 . . . . . . . . . . . . . 1 . . . . Reject 5 | . . . 1 1 . . 1 . 1 . . . . . . . . . . . . . 1 . . . . Mask 2 | . . . . . . . 1 . 1 . . . . . . . . . . . . . . . . . . Tunnel 1 | . 1 . . . . . . . . . . . . . . . . . . . . . . . . . . Scanalyzers . | . . . . . . . . . . . . . . . . . . . . . . . . . . . . Garrison Access 1 | . . . . . . . . . . . . . . . . . . 1 . . . . . . . . . Reprogram 1 | . . . . . . . . . . . . . . . . . . 1 . . . . . . . . . Data Cores Recovered 3 | . . . . . 1 . . . 1 . . . . . . . . . . . . . . . 1 . . Used 1 | . . . . . . . . . 1 . . . . . . . . . . . . . . . . . . Hacking Detections 109 | . 4 . 14 9 13 . 5 2 17 . . . . 1 5 . . 2 1 4 . 6 5 5 5 6 5 Full Trace Events 12 | . 1 . 1 . 2 . 1 1 5 . . . . . . . . . . . . . . 1 . . . Feedback Events 2 | . . . . . . . . 1 1 . . . . . . . . . . . . . . . . . . Corruption 1 | . . . . . . . . 1 . . . . . . . . . . . . . . . . . . . Hackware Fried 1 | . . . . . . . . . 1 . . . . . . . . . . . . . . . . . . Feedback Blocked . | . . . . . . . . . . . . . . . . . . . . . . . . . . . . Robot Schematics Acquired 4 | . . . . . . . . . 1 . . . . . . . . . . . . 1 . 2 . . . Robots Built 5 | . . . . . . . . . 4 . . . . . . . . . . . . 1 . . . . . Authchips 2 | . . . . . . . . . 1 . . . . . . . . . . . . 1 . . . . . Time 125 | . . . . . . . . . 67 . . . . . . . . . . . . 58 . . . . . Total Robot Build Rating 19 | . . . . . . . . . 16 . . . . . . . . . . . . 3 . . . . . Part Schematics Acquired 14 | . . . 1 . 3 . 3 . 1 . . . . . . . . . . . . 1 . 5 . . . Parts Built 4 | . . . . . . . . . 2 . . . . . . . . . . . . 2 . . . . . Authchips . | . . . . . . . . . . . . . . . . . . . . . . . . . . . . Time 117 | . . . . . . . . . 53 . . . . . . . . . . . . 64 . . . . . Total Part Build Rating 28 | . . . . . . . . . 12 . . . . . . . . . . . . 16 . . . . . Parts Repaired 7 | . . . 1 2 1 . . . . . . . . . . . . . . 2 . . . . . . 1 Time 351 | . . . 26 52 51 . . . . . . . . . . . . . . 186 . . . . . . 36 Parts Recycled . | . . . . . . . . . . . . . . . . . . . . . . . . . . . . Recycled Matter 104 | . . . . . . . . . . . . . . 104 . . . . . . . . . . . . . Retrieved Matter 104 | . . . . . . . . . . . . . . 104 . . . . . . . . . . . . . Retrieved Components 40 | . 9 . 7 . 9 . 1 . 5 . . . . . . . . . . . . . 9 . . . . Parts Scanalyzed 7 | . . . . . 3 . 3 . . . . . . . . . . . . . . 1 . . . . . Part Schematics Acquired 7 | . . . . . 3 . 3 . . . . . . . . . . . . . . 1 . . . . . Parts Damaged 2 | . . . . . . . 1 . . . . . . . . . . . . . . 1 . . . . . Bothacking | -11 -10 -10 -9 -9 -8 -8 -8 -8 -7 -7 -7 -7 -6 -6 -6 -6 -6 -6 -6 -5 -5 -4 -3 -3 -2 -1 -1 ------------ Run | Yrd Mat Min Mat Sto Mat Gar Mat Gar Fac Low Low Zio Pro Fac Ext Cet Arc Hub Gar Fac Gar Fac Res Tes Res Acc Com Used RIF Installer 5 | . . . . . . 1 . 2 . . . . . . . . . . 1 . 1 . . . . . . Coupler Efficiency 1 | . . . . . . . . . . . . . . . . . . . 1 . . . . . . . . Zone Cloak 1 | . . . . . . . . 1 . . . . . . . . . . . . . . . . . . . Robot Detection 1 | . . . . . . . . . . . . . . . . . . . . . 1 . . . . . . Structural Interface 1 | . . . . . . . . 1 . . . . . . . . . . . . . . . . . . . Robots Hacked 42 | . . . . . . . . . . . . . . 3 1 . . . . 1 18 3 2 5 2 3 4 Non-combat 10 | . . . . . . . . . . . . . . 1 . . . . . 1 . 1 1 1 2 2 1 Combat 32 | . . . . . . . . . . . . . . 2 1 . . . . . 18 2 1 4 . 1 3 Robot Hacks Applied 52 | . . . . . . . . . . . . . . 4 1 . . . . 3 18 7 1 4 6 3 5 parse_system 2 | . . . . . . . . . . . . . . 1 1 . . . . . . . . . . . . find_chute 1 | . . . . . . . . . . . . . . 1 . . . . . . . . . . . . . purge_threat 9 | . . . . . . . . . . . . . . . . . . . . 3 . 2 . . 4 . . reprogram_traps 1 | . . . . . . . . . . . . . . . . . . . . . . 1 . . . . . block_reporting 1 | . . . . . . . . . . . . . . . . . . . . . . . . . . . 1 summon_haulers 1 | . . . . . . . . . . . . . . . . . . . . . . 1 . . . . . map_route 3 | . . . . . . . . . . . . . . . . . . . . . . . . . 1 2 . disable_scanner 2 | . . . . . . . . . . . . . . . . . . . . . . . . 2 . . . scatter_targeting 1 | . . . . . . . . . . . . . . . . . . . . . 1 . . . . . . amplify_resonance 4 | . . . . . . . . . . . . . . . . . . . . . 2 1 . 1 . . . overwrite_iff 13 | . . . . . . . . . . . . . . 1 . . . . . . 11 . . . . 1 . streamctrl_high 3 | . . . . . . . . . . . . . . . . . . . . . 1 . . . . . 2 formatsys_low 5 | . . . . . . . . . . . . . . . . . . . . . . 1 1 1 1 . 1 formatsys_high 6 | . . . . . . . . . . . . . . 1 . . . . . . 3 1 . . . . 1 Relay Couplers Released 29 | . . . . . . 4 . . 5 . . . . . . . . . 5 2 3 3 . 2 4 1 . Machine Destruction 26 | . . . . . . 4 . . 2 . . . . . . . . . 5 2 3 3 . 2 4 1 . Programmers 3 | . . . . . . . . . 3 . . . . . . . . . . . . . . . . . . Attached 18 | . . . . . . . . . . . . . . 2 . 1 . . . . 5 3 . 1 2 2 2 Fabnet Peak Effective % 3 | . . . . . . . . . . . . . . . . . . . . . . . 3 3 1 . . Autooverrided 2 | . . . . . . . . . . . . . . . . . . . . . . . 1 1 . . . Robots Rewired 27 | . . . . . . 2 . . . . . . . . 18 . . . 7 . . . . . . . . Allies Hacked 4 | . . . . . . . . . . . . . . . . . . . . . . . . 2 . . 2 Hacks Repelled . | . . . . . . . . . . . . . . . . . . . . . . . . . . . . Allies | -11 -10 -10 -9 -9 -8 -8 -8 -8 -7 -7 -7 -7 -6 -6 -6 -6 -6 -6 -6 -5 -5 -4 -3 -3 -2 -1 -1 -------- Run | Yrd Mat Min Mat Sto Mat Gar Mat Gar Fac Low Low Zio Pro Fac Ext Cet Arc Hub Gar Fac Gar Fac Res Tes Res Acc Com Total Allies 94 | . . 4 . 10 1 2 . 2 5 . . . . 2 21 5 . 1 7 . 15 3 2 8 1 1 4 Largest Group 14 | . . 4 3 10 10 2 2 2 5 . . . . 1 14 9 5 5 9 2 2 2 3 5 1 1 2 Highest-Rated Group 528 | . . 71 40 88 88 56 56 45 58 . . . . 12 528 480 473 473 423 71 58 49 82 193 10 69 178 Highest-Rated Ally 178 | . . 31 16 16 16 31 31 25 20 . . . . 12 159 152 96 96 96 41 36 49 30 49 10 69 178 Total Orders 42 | . . . 2 . 7 . . . 4 . . . . . . . . . . 2 1 5 7 13 . . 1 STAY 17 | . . . 1 . 4 . . . 2 . . . . . . . . . . 1 . 2 2 4 . . 1 ROAM 2 | . . . . . . . . . . . . . . . . . . . . . . . . 2 . . . FOLLOW 16 | . . . 1 . 3 . . . 2 . . . . . . . . . . 1 . 2 2 5 . . . AID 5 | . . . . . . . . . . . . . . . . . . . . . . 1 3 1 . . . RETURN 2 | . . . . . . . . . . . . . . . . . . . . . 1 . . 1 . . . Ally Attacks 655 | . . 37 17 . 105 . 11 11 10 . . . . 10 166 45 17 8 107 8 33 4 6 37 . 3 20 Total Damage 15603 | . . 404 207 . 949 . 217 293 99 . . . . 81 3484 1268 614 728 4385 325 460 81 108 808 . 38 1054 Kills 113 | . . 8 5 . 15 . 2 5 1 . . . . . 24 8 2 3 27 4 1 . 1 1 . 1 5 Allies Corrupted 2 | . . . . . . . . . . . . . . . . . . . . . . . . . . . 2 Allies Melted 1 | . . . . . . . . . . . . . . . . . . . 1 . . . . . . . . Intel | -11 -10 -10 -9 -9 -8 -8 -8 -8 -7 -7 -7 -7 -6 -6 -6 -6 -6 -6 -6 -5 -5 -4 -3 -3 -2 -1 -1 ------- Run | Yrd Mat Min Mat Sto Mat Gar Mat Gar Fac Low Low Zio Pro Fac Ext Cet Arc Hub Gar Fac Gar Fac Res Tes Res Acc Com Robot Analysis Total 7 | . 2 . 2 . 2 . . . . . . . . . . . . . . . . . 1 . . . . Derelict Logs Recovered 5 | . . 1 . . . . . . . 1 2 . 1 . . . . . . . . . . . . . . Drone Launches 2 | . . . . . . . . . . . . . . . . . . . . . 1 . . 1 . . . Drone Recoveries 2 | . . . . . . . . . . . . . . . . . . . . . 1 . . 1 . . . Exploration | -11 -10 -10 -9 -9 -8 -8 -8 -8 -7 -7 -7 -7 -6 -6 -6 -6 -6 -6 -6 -5 -5 -4 -3 -3 -2 -1 -1 ------------- Run | Yrd Mat Min Mat Sto Mat Gar Mat Gar Fac Low Low Zio Pro Fac Ext Cet Arc Hub Gar Fac Gar Fac Res Tes Res Acc Com Turns Passed 36274 | 7 576 1213 2322 3821 3134 1031 417 1092 2178 2358 1818 423 1195 848 2380 427 837 175 671 723 826 1050 937 1739 1676 882 1518 Spaces Moved 15558 | 2 296 570 1100 1258 1154 356 131 392 971 1411 1078 184 624 371 758 155 145 100 330 319 400 459 544 840 834 368 408 Core 1 | . . . . . . . . . . . . . . . . . . . . . . . . . . . 1 Treads 15557 | 2 296 570 1100 1258 1154 356 131 392 971 1411 1078 184 624 371 758 155 145 100 330 319 400 459 544 840 834 368 407 Legs . | . . . . . . . . . . . . . . . . . . . . . . . . . . . . Wheels . | . . . . . . . . . . . . . . . . . . . . . . . . . . . . Hover . | . . . . . . . . . . . . . . . . . . . . . . . . . . . . Flight . | . . . . . . . . . . . . . . . . . . . . . . . . . . . . Fastest Speed 150 | 160 160 160 160 160 240 237 237 237 160 160 160 160 160 160 240 160 160 160 160 160 160 160 155 150 150 155 155 Average Speed 184 | 160 160 160 172 227 242 243 237 237 191 160 160 160 169 175 240 219 160 160 160 160 160 180 155 150 154 155 192 Slowest Speed 250 | 160 160 160 240 240 250 250 237 237 245 160 160 160 240 240 240 240 160 160 160 160 160 240 240 155 155 155 250 Overloaded Moves . | . . . . . . . . . . . . . . . . . . . . . . . . . . . . Propulsion Burnouts . | . . . . . . . . . . . . . . . . . . . . . . . . . . . . Robots Hopped . | . . . . . . . . . . . . . . . . . . . . . . . . . . . . Cave-ins Triggered . | . . . . . . . . . . . . . . . . . . . . . . . . . . . . Exploration Rate (%) 49 | 3 51 97 93 85 74 46 19 61 31 99 97 11 69 10 86 60 86 16 50 8 57 13 18 83 31 15 21 Regions Visited 27 Branch Regions 12 Pre-discovered Areas 1 | . 1 . . . . . . . . . . . . . . . . . . . . . . . . . . Known Exits Taken 9 | . . . 1 . 1 . 1 . . . . . 1 1 . . . 1 . 1 . . 1 . 1 . . Unknown Exits Taken 14 | 1 1 1 . 1 . . . . 1 1 1 1 . . 1 1 1 . . . . 1 . 1 . 1 . Scrap Searched 11 | . . 1 . . . . . . . 3 4 1 2 . . . . . . . . . . . . . . Spaces Dug 124 | . . 13 . 10 . 1 . 1 . 15 6 . 35 . 1 . . . . . . 1 5 8 16 11 1 Terrain Destroyed 844 | . . 48 11 20 . 2 12 2 54 61 19 . 86 64 86 6 13 . . 10 1 34 5 89 116 18 87 Melee 17 | . . . . 1 . 1 . 1 . . 6 . . . 1 . . . . . . 1 5 . 1 . . Projectile 226 | . . . . . . 1 12 1 8 2 . . 2 1 10 5 13 . . 10 1 4 . 31 77 5 43 AOE 594 | . . 48 11 19 . . . . 46 59 13 . 84 63 75 . . . . . . 29 . 58 37 11 41 Terrain Rammed . | . . . . . . . . . . . . . . . . . . . . . . . . . . . . Walls Destroyed . | . . . . . . . . . . . . . . . . . . . . . . . . . . . . Machines Disabled . | . . . . . . . . . . . . . . . . . . . . . . . . . . . . Actions | -11 -10 -10 -9 -9 -8 -8 -8 -8 -7 -7 -7 -7 -6 -6 -6 -6 -6 -6 -6 -5 -5 -4 -3 -3 -2 -1 -1 --------- Run | Yrd Mat Min Mat Sto Mat Gar Mat Gar Fac Low Low Zio Pro Fac Ext Cet Arc Hub Gar Fac Gar Fac Res Tes Res Acc Com Total 21192 | 4 372 818 1389 2084 1398 464 210 463 1149 1491 1135 309 705 506 1189 207 721 108 460 485 548 639 609 1181 1082 568 898 Wait 3232 | . 37 196 110 606 146 50 65 21 59 46 29 118 34 74 86 11 547 . 56 113 83 124 31 143 94 118 235 Move 15534 | 1 295 569 1099 1257 1153 355 131 391 970 1410 1077 183 623 370 757 154 144 100 329 319 399 458 543 839 833 367 408 Hop . | . . . . . . . . . . . . . . . . . . . . . . . . . . . . Pick Up 202 | . 11 8 29 8 10 4 1 3 17 6 1 1 3 5 9 6 6 . 5 6 4 5 7 27 10 4 6 Fast Attach 90 | . 1 1 9 7 3 . . . 7 1 2 1 1 4 7 6 . . 1 1 4 3 . 8 5 3 15 Attach 87 | . . 6 4 2 2 1 . . 8 3 2 . 2 7 4 1 3 . . 4 1 2 1 4 3 2 25 Detach 36 | . . . 1 . . . . . 2 . . 1 2 3 3 2 . . . 1 2 . . 2 3 1 13 Swap 356 | 3 2 8 19 40 11 9 2 6 11 6 4 3 5 7 9 4 1 . 2 14 17 16 6 57 50 19 25 Drop 235 | . 8 2 37 24 12 7 1 1 11 6 2 1 4 1 8 9 5 . 5 3 3 4 6 32 18 5 20 Fire 800 | . 18 28 69 52 30 19 9 14 54 13 10 1 31 33 45 13 15 7 6 16 32 22 1 56 57 42 107 Melee 88 | . . . . 6 . 5 . 27 1 . 6 . . . 10 . . . . 1 1 4 13 10 1 3 . Ram . | . . . . . . . . . . . . . . . . . . . . . . . . . . . . Kick . | . . . . . . . . . . . . . . . . . . . . . . . . . . . . Crush 62 | . . . 8 6 5 . 1 . 5 . . . . 2 5 1 . 1 . 5 . . . 2 7 4 10 Escape Stasis 50 | . . . . . . 4 . . . . . . . . 11 . . . . 2 . . . . . . 33 Rewire 308 | . . . . 2 . 6 . . . . 2 . . . 235 . . . 56 . 2 1 1 1 1 . 1 Trap 112 | . . . 4 74 26 4 . . 4 . . . . . . . . . . . . . . . . . . Miscellaneous . | . . . . . . . . . . . . . . . . . . . . . . . . . . . . Route ------- -11/Scrapyard -10/Materials -10/Mines (discovered 2 exits: *Mat x2) -9/Materials (discovered 7 exits: *Mat x3 / [*Min x2] / *Sto x2) -9/Storage -8/Materials (discovered 3 exits: *Fac x2 / Gar) -8/Garrison -8/Materials -8/Garrison (discovered 3 exits: *Fac x3) -7/Factory (discovered 5 exits: *Fac x4 / [*Low]) -7/Lower Caves -7/Lower Caves (discovered 2 exits: *Fac / [*Zio]) -7/Zion -6/Proximity Caves -6/Factory (discovered 2 exits: Fac / *Ext) -6/Extension (discovered 2 exits: *Fac / *Cet) -6/Cetus (discovered 2 exits: *Fac / [*Arc]) -6/Archives (discovered 3 exits: *Fac / *Hub x2) -6/Hub_04(d) (discovered 2 exits: *Fac / Gar) -6/Garrison -5/Factory -5/Garrison (discovered 2 exits: *Fac x2) -4/Factory -3/Research (discovered 2 exits: *Tes x2) -3/Testing -2/Research (discovered 3 exits: *Acc x3) -1/Access -1/Command History --------- Turn | Location | Event 6 | -11/Scrapyard | Discovered new exit (range 1) 8 | -11/Scrapyard | Entered Materials 316 | -10/Materials | Build established: Mutant 445 | -10/Materials | Discovered new exit (range 8) 584 | -10/Materials | Entered Mines 585 | -10/Mines | Assembled infested the area 801 | -10/Mines | Discovered new exit (range 13) 973 | -10/Mines | Lost 4 parts (1p1u2w) 1035 | -10/Mines | Learned Materials stockpile data 1035 | -10/Mines | Assisted by bots powering up and referring to "LRC-V3" 1249 | -10/Mines | Received a Mining Laser from a helpful Derelict 1599 | -10/Mines | Found a hidden stash of uninstalled traps 1629 | -10/Mines | Discovered new exit (range 8) 1797 | -10/Mines | Entered Materials 1797 | -9/Materials | Accompanied by 3 allies 1797 | -9/Materials | Evolved 2 slots: Weapon x2 2182 | -9/Materials | Discovered new exit (range 12) 2224 | -9/Materials | Discovered new exit (range 16) 2333 | -9/Materials | Build established: Scavenger-Tank 2525 | -9/Materials | Repaired Lgt. Treads 2973 | -9/Materials | Discovered new exit (range 7) 3251 | -9/Materials | Discovered new exit (range 9) 3302 | -9/Materials | Discovered new exit (range 16) 3427 | -9/Materials | Discovered new exit (range 14) 3907 | -9/Materials | Discovered new exit (range 16) 4093 | -9/Materials | Identified exit to Storage 4119 | -9/Materials | Entered Storage 5243 | -9/Storage | Repaired Lgt. Treads 5271 | -9/Storage | Repaired Lgt. Treads 7174 | -9/Storage | Discovered new exit (range 6) 7249 | -9/Storage | Garrison activated, responded to threat 7616 | -9/Storage | Build established: Tank 7833 | -9/Storage | Assisted by bots powering up and referring to "LRC-V3" 7940 | -9/Storage | Entered Materials 7940 | -8/Materials | Accompanied by 10 allies 7940 | -8/Materials | Evolved 2 slots: Weapon x2 8247 | -8/Materials | Build established: Commander-Executioner 8545 | -8/Materials | Central database locked down 8649 | -8/Materials | Discovered new exit (range 16) 8744 | -8/Materials | Lost 4 allies 9261 | -8/Materials | Build established: Executioner 10247 | -8/Materials | Discovered new exit (range 10) 10426 | -8/Materials | Repaired Imp. Assault Rifle 10914 | -8/Materials | Identified exit to Garrison 11074 | -8/Materials | Entered Garrison 11112 | -8/Garrison | Installed Relay Interface Framework 11161 | -8/Garrison | Triggered checkpoint 11209 | -8/Garrison | Garrison Relay disabled 11423 | -8/Garrison | Triggered checkpoint 11850 | -8/Garrison | Triggered checkpoint 12074 | -8/Garrison | Discovered new exit (range 10) 12105 | -8/Garrison | Entered Materials 12105 | -8/Materials | Accompanied by 2 allies 12161 | -8/Materials | Garrison activated, responded to threat 12522 | -8/Materials | Identified exit to Garrison 12522 | -8/Materials | Entered Garrison 12669 | -8/Garrison | Triggered checkpoint 12764 | -8/Garrison | Discovered new exit (range 48) 12764 | -8/Garrison | Discovered new exit (range 63) 12764 | -8/Garrison | Discovered new exit (range 15) 12916 | -8/Garrison | Expanded RIF knowledge: Structural Interface 13126 | -8/Garrison | Rescued a captive Derelict 13127 | -8/Garrison | Rescued a captive Derelict 13214 | -8/Garrison | Triggered checkpoint 13440 | -8/Garrison | Triggered checkpoint 13507 | -8/Garrison | Expanded RIF knowledge: Zone Cloak 13614 | -8/Garrison | Entered Factory 13614 | -7/Factory | Accompanied by 1 ally 13614 | -7/Factory | Evolved 2 slots: Propulsion x1, Utility x1 13736 | -7/Factory | Discovered new exit (range 5) 14449 | -7/Factory | Hacking Suite fried by hacking feedback 14504 | -7/Factory | Lost 3 parts (1p1u1w) 14624 | -7/Factory | Discovered new exit (range 11) 14728 | -7/Factory | Lost 3 parts (1n1u1w) 14985 | -7/Factory | Build established: Scavenger-Executioner 15368 | -7/Factory | Fabricated Adv. System Restoration Module (x2) 15485 | -7/Factory | Discovered new exit (range 13) 15494 | -7/Factory | Identified exit to Factory 15675 | -7/Factory | Fabricated S-27 Virus? 15765 | -7/Factory | Garrison activated, responded to threat 15766 | -7/Factory | Murdered 3 allies 15792 | -7/Factory | Entered Lower Caves 15827 | -7/Lower Caves | Learned Factory emergency access door positions 15973 | -7/Lower Caves | Encountered a Warlord checkpoint 17458 | -7/Lower Caves | Discovered new exit (range 14) 18150 | -7/Lower Caves | Entered another Lower Caves area 18366 | -7/Lower Caves | Encountered a Warlord checkpoint 18518 | -7/Lower Caves | Discovered exit to Factory (range 11) 19003 | -7/Lower Caves | Learned Factory security intel 19537 | -7/Lower Caves | Discovered new exit (range 5) 19968 | -7/Lower Caves | Entered Zion 20100 | -7/Zion | Given the Hacking Drone Bay 20100 | -7/Zion | Found Prototype Device 20100 | -7/Zion | Identified Hacking Drone Bay 20145 | -7/Zion | Discovered new exit (range 11) 20373 | -7/Zion | RIF detected upon attempting to enter Zion 20373 | -7/Zion | Attacked by Zionites 20391 | -7/Zion | Entered Proximity Caves 20415 | -6/Proximity Caves | Attracted the attention of an 0b10 checkpoint 20790 | -6/Proximity Caves | Learned location of 1 exit from Factory 21431 | -6/Proximity Caves | Discovered exit to Factory (range 10) 21586 | -6/Proximity Caves | Entered Factory 21586 | -6/Factory | Evolved 2 slots: Propulsion x1, Utility x1 21587 | -6/Factory | Identified exit to Extension 21588 | -6/Factory | Identified exit to Factory 22434 | -6/Factory | Entered Extension 23184 | -6/Extension | Disrupted transfer network 23279 | -6/Extension | Rescued a captive Derelict 23486 | -6/Extension | Rescued A7 23649 | -6/Extension | Build established: Commander-Executioner 23951 | -6/Extension | Spotted B-75 Beast 23975 | -6/Extension | Allies destroyed B-75 Beast 23980 | -6/Extension | Spotted B-75 Beast 24005 | -6/Extension | Allies destroyed B-75 Beast 24184 | -6/Extension | First assault squad dispatched 24361 | -6/Extension | Lost 4 allies 24389 | -6/Extension | Rescued a captive Derelict 24609 | -6/Extension | Lost 4 allies 24621 | -6/Extension | Build established: Scavenger-Executioner 24789 | -6/Extension | Discovered exit to Factory (range 10) 24791 | -6/Extension | Discovered new exit (range 6) 24814 | -6/Extension | Entered Cetus 24814 | -6/Cetus | Accompanied by 9 allies (A7) 24819 | -6/Cetus | Acquired a Cetus Manufacturing Module code from A7 24841 | -6/Cetus | Spotted Cetus Guard 24841 | -6/Cetus | Spotted Cetus Guard 24841 | -6/Cetus | Spotted Cetus Guard 24845 | -6/Cetus | Spotted Cetus Guard 24851 | -6/Cetus | Allies destroyed Cetus Guard 24854 | -6/Cetus | Extracted ID and sensor layout for unrecognized location from A7's data core 24860 | -6/Cetus | Allies destroyed Cetus Guard 24866 | -6/Cetus | Allies destroyed Cetus Guard 24877 | -6/Cetus | Destroyed Cetus Guard 24900 | -6/Cetus | Lost 8 allies 24995 | -6/Cetus | Started Cetus Manufacturing Module 25010 | -6/Cetus | Discovered new exit (range 21) 25020 | -6/Cetus | Manufactured an Enhanced Grunt 25045 | -6/Cetus | Manufactured an Enhanced Grunt 25070 | -6/Cetus | Manufactured an Enhanced Grunt 25095 | -6/Cetus | Manufactured an Enhanced Grunt 25112 | -6/Cetus | Spotted Cetus Guard 25115 | -6/Cetus | Spotted Cetus Guard 25120 | -6/Cetus | Manufactured an Enhanced Grunt 25120 | -6/Cetus | Spotted Cetus Guard 25120 | -6/Cetus | Spotted Cetus Guard 25129 | -6/Cetus | Discovered exit to Factory (range 22) 25131 | -6/Cetus | Destroyed Cetus Guard 25131 | -6/Cetus | Destroyed Cetus Guard 25131 | -6/Cetus | Destroyed Cetus Guard 25139 | -6/Cetus | Allies destroyed Cetus Guard 25163 | -6/Cetus | Met Revision 17 25241 | -6/Cetus | Entered Archives 25241 | -6/Archives | Accompanied by 5 allies 25296 | -6/Archives | Discovered new exit (range 22) 25303 | -6/Archives | Discovered new exit (range 20) 25318 | -6/Archives | Discovered exit to Factory (range 22) 25329 | -6/Archives | System corruption reached 10% 26078 | -6/Archives | Entered Hub_04(d) 26078 | -6/Hub_04(d) | Accompanied by 5 allies 26078 | -6/Hub_04(d) | Discovered exit to Factory (range 11) 26216 | -6/Hub_04(d) | Network Hub disabled 26240 | -6/Hub_04(d) | Identified exit to Garrison 26252 | -6/Hub_04(d) | Garrison activated, responded to threat 26253 | -6/Hub_04(d) | Entered Garrison 26253 | -6/Garrison | Accompanied by 4 allies 26328 | -6/Garrison | Triggered checkpoint 26367 | -6/Garrison | Expanded RIF knowledge: Coupler Efficiency 26516 | -6/Garrison | Garrison Relay disabled 26657 | -6/Garrison | Found Imp. Powered Armor 26660 | -6/Garrison | Found Imp. Powered Armor 26701 | -6/Garrison | Triggered checkpoint 26706 | -6/Garrison | Triggered checkpoint 26788 | -6/Garrison | Triggered checkpoint 26848 | -6/Garrison | Lost 5 allies 26906 | -6/Garrison | Discovered exit to Factory (range 8) 26924 | -6/Garrison | Entered Factory 26924 | -5/Factory | Accompanied by 2 allies 26924 | -5/Factory | Evolved 2 slots: Power x1, Utility x1 27375 | -5/Factory | Repaired Hvy. Machine Gun 27514 | -5/Factory | Repaired Broken Centrium Heavy Treads 27644 | -5/Factory | Identified exit to Garrison 27647 | -5/Factory | Entered Garrison 27712 | -5/Garrison | Triggered checkpoint 27764 | -5/Garrison | Lost 5 allies 27767 | -5/Garrison | Garrison Relay disabled 27810 | -5/Garrison | Spotted B-75 Beast 27815 | -5/Garrison | Triggered checkpoint 27898 | -5/Garrison | Triggered checkpoint 27989 | -5/Garrison | Destroyed B-75 Beast 28019 | -5/Garrison | Triggered checkpoint 28084 | -5/Garrison | Lost 3 allies 28229 | -5/Garrison | Discovered new exit (range 10) 28328 | -5/Garrison | Triggered checkpoint 28355 | -5/Garrison | Expanded RIF knowledge: Robot Detection 28400 | -5/Garrison | Discovered new exit (range 21) 28473 | -5/Garrison | Entered Factory 28473 | -4/Factory | Accompanied by 1 ally 28473 | -4/Factory | Evolved 2 slots: Utility x2 28794 | -4/Factory | Build established: Bothacker-Executioner 28884 | -4/Factory | Discovered new exit (range 15) 29010 | -4/Factory | Fabricated Adv. Heavy Treads? 29211 | -4/Factory | Fabricated M-28 Smith (x1) 29248 | -4/Factory | Build established: Scavenger-Executioner 29523 | -4/Factory | Entered Research 29523 | -3/Research | Accompanied by 2 allies 29523 | -3/Research | Evolved 2 slots: Propulsion x2 29723 | -3/Research | Revision forces began assault on 0b10 29723 | -3/Research | Spotted B-86 Titan 29758 | -3/Research | Met up with Revision 17++ 30055 | -3/Research | Identified exit to Testing 30223 | -3/Research | Research terminal network offline 30460 | -3/Research | Entered Testing 30460 | -3/Testing | Accompanied by 2 allies 30488 | -3/Testing | Found Prototype Energy Cannon 30489 | -3/Testing | Identified Null Cannon 30659 | -3/Testing | P-80 Master assimilated allied G-67 Veteran 30731 | -3/Testing | Found Prototype Energy Cannon 30831 | -3/Testing | P-80 Master assimilated allied Smith 8a 30884 | -3/Testing | Found Prototype Launcher 30885 | -3/Testing | Identified Z-bomb Delivery System 30977 | -3/Testing | Spotted Striker 30983 | -3/Testing | Found Prototype Device 30985 | -3/Testing | Spotted Striker 30988 | -3/Testing | Found Prototype Device 31025 | -3/Testing | Identified Imp. Potential Cannon 31026 | -3/Testing | Identified Adv. Kinecellerator 31050 | -3/Testing | Identified Exp. Thermal Defense Suite 31069 | -3/Testing | Protovariant out of control (PG-SJ6CG0ZS3H) 31069 | -3/Testing | Unleashed a protovariant (PG-SJ6CG0ZS3H) 31128 | -3/Testing | Garrison activated, responded to threat 31313 | -3/Testing | Found Prototype Device 31325 | -3/Testing | Identified AEGIS Remote Shield 31772 | -3/Testing | Found Prototype Energy Cannon 31775 | -3/Testing | Identified Hpw. Disruptor Cannon 31882 | -3/Testing | System corruption reached 10% 32048 | -3/Testing | Found Prototype Launcher 32134 | -3/Testing | Discovered new exit (range 8) 32160 | -3/Testing | Found Prototype Energy Cannon 32168 | -3/Testing | Identified Cld. Nova Cannon 32172 | -3/Testing | Identified Containment Facilitator 32199 | -3/Testing | Entered Research 32199 | -2/Research | Evolved 2 slots: Power x1, Utility x1 32512 | -2/Research | Discovered new exit (range 10) 32546 | -2/Research | Identified exit to Access 32568 | -2/Research | Build established: Bothacker-Executioner 32570 | -2/Research | Spotted B-90 Cyclops 32621 | -2/Research | Spotted B-90 Cyclops 32673 | -2/Research | Destroyed B-90 Cyclops 33042 | -2/Research | Found Prototype Device 33055 | -2/Research | Identified Beam Splitter 33225 | -2/Research | Build established: Scavenger-Executioner 33355 | -2/Research | Discovered exit to Access (range 13) 33475 | -2/Research | Found Prototype Processor 33480 | -2/Research | Identified Exp. Signal Interpreter 33517 | -2/Research | Spotted B-90 Cyclops 33760 | -2/Research | Discovered exit to Access (range 13) 33875 | -2/Research | Entered Access 33875 | -1/Access | Evolved 2 slots: Utility x2 34240 | -1/Access | Destroyed 10 combat bots 34248 | -1/Access | Build established: Bothacker-Executioner 34463 | -1/Access | Garrison activated, responded to threat 34625 | -1/Access | First assault squad dispatched 34681 | -1/Access | Discovered new exit (range 7) 34757 | -1/Access | Entered Command 34947 | -1/Command | Destroyed 9 combat bots 35126 | -1/Command | System corruption reached 10% 35140 | -1/Command | P-80 Master assimilated allied Director 10a 35257 | -1/Command | First assault squad dispatched 35302 | -1/Command | Build established: Scavenger-Executioner 35434 | -1/Command | Repaired Centrium Heavy Treads 35503 | -1/Command | Destroyed 7 combat bots 35623 | -1/Command | Spotted Alpha 7 35643 | -1/Command | Destroyed Alpha 7 36016 | -1/Command | Spotted M Guard 36016 | -1/Command | Spotted M Guard 36016 | -1/Command | Spotted Combat Programmer 36028 | -1/Command | Spotted Combat Programmer 36072 | -1/Command | Destroyed M Guard 36083 | -1/Command | System corruption reached 30% 36123 | -1/Command | Destroyed Combat Programmer 36180 | -1/Command | Lost 25 parts (4p4n9u8w) 36203 | -1/Command | Core integrity fell below 50% 36250 | -1/Command | Core integrity fell below 20% 36267 | -1/Command | Lost 3 parts (3u) 36275 | -1/Command | Destroyed by M Guard with Ragnarok Missile Launcher Last Messages --------------- 36257_ The unstable cave ceiling collapses. 36257_ ALERT: Significant disruption in Zone 7C, assault force dispatched. 36259_ Knocked back. 36261_ Stasis bubble strength at 50. 36262_ Stasis bubble strength at 44. 36263_ System corrupted: Component data lost. 36263_ Stasis bubble strength at 38. 36264_ Stasis bubble strength at 32. 36265_ The unstable cave ceiling collapses. 36265_ Stasis bubble strength at 26. 36266_ Stasis bubble strength at 20. 36267_ Stasis bubble strength at 14. 36268_ Warlord HL-1SK destroyed. 36268_ Warlord SH-K8T destroyed. 36268_ Stasis bubble strength at 8. 36269_ Stasis bubble strength at 2. 36270_ The unstable cave ceiling collapses. 36270_ Stasis bubble bursts. 36273_ The unstable cave ceiling collapses. 36275_ Null Cannon destroyed. Map ----- +----------------------------------------------------+ | ?????????????????????????????????????????????? ? | | ?????????????????????????????????????????????? | | ???????????????????????????????????????????????## | | ????????????????????????????????????????????????# | | ????????????????????????????????????????????????# | | ????????????????????????????????????????????????# | | ????????????????????????????????????????????????# | | ????????????????????????????????????????????????# | | ????????????????????????????????????????????????# | | ????????????????????????????????????????????????# | | ????????????????????????????????????????????????# | | ????????????????????????????????????????????????# | | ??????????????????????????????????#######+##????# | | ??????????????????????????????????# #????# | | ??????????????????????????????????# ###### | | ??????????????????????????????????#"" # " | | ??????????????????????????????????#"" ###### | | ??????????????#######?????????????#"T #????# | | ?????????????## # # ##????????????#"" #????# | | ?????????????# ###???????????#"" #????# | | ?????????##### # # ##########??# #????# | | ?????????# % # ## # ##?# #????# | | ?????"#### W W ### W ;####+############ | | ????* / p ^^ | | ????% / | | ????! @ ! |=/ | | ???? Y =%/ ^ | | ???? % !%/ ^ | | ????? ## W # W #####+########## | | ???????# # %# # # #???# ## | | ??????## # ###### #######???# ## | | ??????# # ##?????######?????????# ## | | ??????#??# ???????????????????????# # | | ?????????# ????????????????????????# [[= ## | | ?????????#?????????????????????????# [[= ## | | ???????????????????????????????????# [== ## | | ???????????????????????????????????# ## | | ???????????????????????????????????##+####+#### | | ???????????????????????????????????# ## | | ???????????????????????????????????# ## | | ???????????????????????????????????# ## | | ???????????????????????????????????# ## | | ???????????????????????????????????# ## | | ???????????????????????????????????#"" [## | | ???????????????????????????????????#"" ## | | ???????????????????????????????????#""! ## | | ???????????????????????????????????#T ### | | ???????????????????????????????????#""* #?# | | ???????????????????????????????????#"" #?# | | ???????????????????????????????????#"" #?# | +----------------------------------------------------+ Best States ------------- Heat Dissipation 90 Energy Generation 65 Energy Capacity 1790 Matter Stores 330 Matter Capacity 800 Sight Range 22 Terrain Scan Density 10 Jamming Range 16 Power Amplification 30 Armor Coverage 1250 Resistance: TH 15 Point Defense Rating 240 Evasion (%) 50 Targeting Accuracy 16 Target Analysis 8 Core Analysis 6 Recoil Reduction 6 Kinecelleration 50 Offensive Hacking 10 Relay Coupler Types 3 Relay Coupler Value 97 Authchip Count 2 Trap Extractor Capacity 4 Item Schematics ----------------- Hcp. Storage Unit | -9/Materials | Hacked Arm. Treads | -8/Materials | Scanalyzed Lrn. Tractor Beam | -8/Materials | Scanalyzed Hrd. Heavy Armor Plating | -8/Materials | Scanalyzed Imp. Heavy Treads | -8/Materials | Scanalyzed Imp. Transmission Jammer | -8/Materials | Scanalyzed Imp. Remote Datajack | -8/Materials | Scanalyzed Adv. System Restoration Module | -7/Factory | Hacked Imp. Powered Armor | -4/Factory | Scanalyzed Com. Particle Reactor | -3/Testing | Archive Impact Mace | -3/Testing | Archive Adv. Remote Shield | -3/Testing | Archive Hvy. Wave Gun | -3/Testing | Archive Adv. Matter Compressor | -3/Testing | Archive Robot Schematics ------------------ S-27 Virus | -7/Factory | Hacked M-28 Smith | -4/Factory | Hacked S-43 Plague | -3/Testing | Archive O-32 Director | -3/Testing | Archive Fabricated ------------ Adv. System Restoration Module | x2 | -7/Factory S-27 Virus | x4 | -7/Factory | Authchip Adv. Heavy Treads | x2 | -4/Factory | Preloaded M-28 Smith | x1 | -4/Factory | Authchip Alien Tech Used ----------------- None Achievements -------------- None Challenges ------------ None Game ------ Seed DroneAntimissileFlightbrick Manual? 0 Play Time 03:29:24 Cumulative 1465.8 hours Start 2024.01.20 @ 10:31:07 End 2024.01.20 @ 16:43:43 Sessions 3 Manual Loads 0 Difficulty Rogue Special Mode None Game No. 1021 Rogue 1017 Adventurer 4 Explorer 0 Win Type - Total 178 Types 132/11/11/7/2/1/3/7/4 Lore% 95 Gallery% 98 Achievement% 98 Wizard Run 0 Options --------- ASCII 0 Keyboard 1 Movement Vi Keybinds 0 Fullscreen 0 Font 20/X11 Map View 76x50 Zoom Use 0% Tactical HUD 1 Map Filters NONE Filters NONE Steam 1 RUN: c5772e1d-841e-444f-88ae-577cf0888e35